 Dungeon Crawl Stone Soup version 0.28-a0-726-g4a9143789a (webtiles) character file.

Game seed: 176329278708589778

400 kae the Sneak (level 6, 0/28 HPs)
             Began as a Spriggan Enchanter on Oct 27, 2021.
             Succumbed to a water moccasin's poison
             ... on level 3 of the Dungeon.
             The game lasted 00:03:46 (5425 turns).

kae the Sneak (Spriggan Enchanter)                  Turns: 5425, Time: 00:03:46

Health: 0/28       AC:  4    Str:  6    XL:     6   Next: 54%
Magic:  12/13      EV: 17    Int: 16    God:
Gold:   121        SH:  0    Dex: 16    Spells: 5/13 levels left

rFire   . . .      SeeInvis +   a - +1 dagger
rCold   . . .      Faith    .   (shield restricted)
rNeg    . . .      Spirit   .   e - +2 robe {Will+}
rPois   .          Reflect  .   (helmet restricted)
rElec   .          Harm     .   (no cloak)
rCorr   .          Rampage  .   (gloves unavailable)
Will    ++...                   (boots unavailable)
Stlth   +++.......              (no amulet)
HPRegen 0.09/turn               (no ring)
MPRegen 0.13/turn               (no ring)

@: mighty, lethally poisoned (0 -> -2), very quick
A: very small, no large weapons, unfitting armour, see invisible, speed 3
a: no special abilities


You were on level 3 of the Dungeon.
You visited 1 branch of the dungeon, and saw 4 of its levels.

You collected 121 gold pieces.

Inventory:

Hand Weapons
 a - a +1 dagger (weapon)
Armour
 b - a +0 robe
 e - a +2 robe of willpower (worn)
Scrolls
 l - a scroll of teleportation
Potions
 c - a potion of invisibility
 d - 2 potions of lignification
 f - a potion of haste
 g - a potion of magic {unknown}
 h - a potion of might
 i - a potion of curing {unknown}
 j - 3 potions of berserk rage {unknown}
 k - 2 potions of attraction {unknown}


   Skills:
 * Level 4.7 Short Blades
 - Level 2.6 Dodging
 + Level 6.5 Stealth
 + Level 4.4 Spellcasting
 + Level 5.1 Hexes


You had 5 spell levels left.
You knew the following spells:

 Your Spells              Type           Power      Damage    Failure   Level
a - Ensorcelled Hibernat  Hex/Ice        22%        N/A       9%          2
b - Confusing Touch       Hex            20%        N/A       6%          3
c - Tukima's Dance        Hex            20%        N/A       6%          3

Your spell library contained the following spells:

 Spells                   Type           Power      Damage    Failure   Level
 Dazzling Flash           Conj/Hex       22%        N/A       17%         3
 Animate Dead             Necr           1%         N/A       85%         4
 Haunt                    Necr/Summ      1%         N/A       100%        7
 Infestation              Necr           1%         N/A       100%        8


Dungeon Overview and Level Annotations

Branches:
Dungeon (4/15)
 Temple: D:4-7

Altars:
Ashenzari
Hepliaklqana

Shops:
D:4 [

Annotations:
D:3 exclusion: upstairs
D:4 Grinder, Robin


Innate Abilities, Weirdness & Mutations

You are very small and have problems with some larger weapons.
You are too small for most types of armour.
You have supernaturally acute eyesight. (SInv)
You cover ground extremely quickly. (Speed+++)


Message History

There is a stone staircase leading down here.
You start resting.
Magic restored.
HP restored.
You climb downwards.
Level annotation: exclusion: upstairs The water moccasin bites you. x2
There is a stone staircase leading up here.
Casting: Ensorcelled Hibernation (safe; 9% risk of failure)
Confirm with . or Enter, or press ? or * to list all spells.
Aiming: Ensorcelled Hibernation (safe; 9% risk of failure)
Press: ? - help, Shift-Dir - straight line, f - water moccasin
Aim: a water moccasin (chance to affect: 42%)
The water moccasin resists with some effort.
The water moccasin bites you!
You are lethally poisoned!
The water moccasin poisons you!
You feel very sick.
You feel sick.
You feel sick.
* * * LOW HITPOINT WARNING * * *
You feel sick.
* * * LOW HITPOINT WARNING * * *
You feel sick.
Okay, then.
* * * LOW HITPOINT WARNING * * *
You feel sick.
* * * LOW HITPOINT WARNING * * *
You feel sick.
* * * LOW HITPOINT WARNING * * *
You feel sick.
* * * LOW HITPOINT WARNING * * *
You feel sick.
* * * LOW HITPOINT WARNING * * *
You feel sick.
It was a potion of might.
You feel very mighty all of a sudden.
* * * LOW HITPOINT WARNING * * *
You feel sick.
You die...

# #).# #.##.# #
#)># ##.##.# # #).#
###...#.# # #..#
#.....#.# #
#..###.#...#.#
######..##...####.#
...<....#.....###.#
##.####........##.#
##.# #.......S.@.#
#.# ##.......####
##.# ##.....##
>..#######...##
............##
#############


You could see a water moccasin.

Vanquished Creatures
  A scorpion (D:3)
  A jelly (D:4)
  2 hounds
  An orc priest (D:3)
  2 iguanas
  Jessica (D:3)
  An orc wizard (D:3)
  3 adders
  A gnoll (D:1)
  A worm (D:2)
  2 dart slugs
  7 orcs
  4 ball pythons
  6 endoplasms
  2 giant cockroaches (D:2)
  11 goblins
  9 hobgoblins
  5 jackals
  4 kobolds
  4 bats
  3 frilled lizards (D:2)
  6 rats
77 creatures vanquished.

Notes
Turn   | Place    | Note
-------+----------+-------------------------------------------
     0 | D:1      | kae the Spriggan Enchanter began the quest for the Orb.
     0 | D:1      | Reached XP level 1. HP: 9/9 MP: 5/5
   319 | D:1      | Reached XP level 2. HP: 7/13 MP: 6/6
   337 | D:1      | Learned a level 2 spell: Ensorcelled Hibernation
   695 | D:1      | Reached XP level 3. HP: 16/16 MP: 1/8
  1194 | D:1      | Found a faded altar of an unknown god.
  1424 | D:2      | Reached skill level 5 in Stealth
  2239 | D:2      | Reached XP level 4. HP: 7/21 MP: 2/10
  2642 | D:3      | Noticed Jessica
  2797 | D:3      | Killed Jessica
  2986 | D:3      | Found a hazy altar of Hepliaklqana.
  3229 | D:3      | Reached XP level 5. HP: 20/24 MP: 8/11
  3508 | D:3      | Found a broken altar of Ashenzari.
  4080 | D:4      | Noticed Grinder
  4243 | D:4      | Reached skill level 6 in Stealth
  4283 | D:4      | Found Sackaody's Armour Shop.
  4437 | D:4      | Noticed Robin
  4486 | D:3      | Reached XP level 6. HP: 26/28 MP: 10/13
  4511 | D:3      | Learned a level 3 spell: Confusing Touch
  4515 | D:3      | Learned a level 3 spell: Tukima's Dance
  4883 | D:4      | Noticed a water moccasin
  4899 | D:2      | Reached skill level 5 in Hexes
  5422 | D:3      | HP: 1/28 [poisoned by a water moccasin]
  5425 | D:3      | Succumbed to a water moccasin's poison

Illustrated notes

Levels and vault maps discovered:
D:1:      heliophobic_arrival_enchanted_forest, layout_rooms,
          shapermc_ecumenical_altar_pompeii, nrook_mini_vaults
D:2:      minmay_skewed_foursquare, layout_rooms
D:3:      layout_loops_ring, nicolae_ashenzari_panopticon,
          amcnicky_altar_gilded, bh_walls_and_bars, uniq_jessica
D:4:      layout_basic, nicolae_take_the_stairs, grunt_ministairs_11,
          minmay_quantized, uniq_grinder, uniq_robin

Skill      XL: |  1  2  3  4  5  6 |
---------------+-------------------+-----
Spellcasting   | 3 4 |  4.4
Short Blades   | 2 3 4 |  4.7
Hexes          | 4 5 |  5.1
Stealth        | 5 6 |  6.5
Dodging        | |  2.6

Action                   |  1- 3 |  4- 6 || total
-------------------------+-------+-------++-------
Melee: Dagger            |   101 |    83 ||   184
 Cast: Ensorcelled Hiber |    23 |    49 ||    72
       Confusing Touch   |       |     1 ||     1
  Use: Potion            |     1 |     1 ||     2
       Scroll            |     5 |     1 ||     6
 Stab: Sleeping          |    26 |    30 ||    56
       Distracted        |     1 |       ||     1
       Confused          |       |     1 ||     1
Armor: Skin              |     3 |       ||     3
       Robe              |     7 |    16 ||    23
Dodge: Dodged            |    72 |    97 ||   169

Table legend: (Time is in decaauts)
 A = Elapsed time spent in this place.
 B = Non-inter-level travel time spent in this place.
 C = Inter-level travel time spent in this place.
 D = Time resting spent in this place.
 E = Time spent auto-exploring this place.
 F = Levels seen in this place.
 G = Mean time per level.
                   A        B        C        D        E       F      G
               +--------+--------+--------+--------+--------+-----+--------+
         Total |   4481 |   4363 |    118 |   1410 |   2324 |   4 | 1120.2 |
       Dungeon |   4481 |   4363 |    118 |   1410 |   2324 |   4 | 1120.2 |
               +--------+--------+--------+--------+--------+-----+--------+

Top non-repeatable levels by time:
     D:2: 1598 daAuts
     D:3: 1490 daAuts
     D:1: 1128 daAuts
     D:4: 264 daAuts
